3A
BELLEVILLE BULLS @ HIGHWOOD HAWKS
08/09/2027
 
TOP OF THE 1ST
Belleville Bulls batting - Pitching for Highwood Hawks : LHP Yoshi Minamoto
Pitching: LHP Yoshi Minamoto
Batting: RHB Vicente Mena 0-0: Ball
1-0: Called Strike
1-1: Ball
2-1: Foul Ball, location: 2F
2-2: Ball
3-2: Base on Balls
Batting: RHB Ron Bernard 0-0: Ball
1-0: Grounds into double play, 4-6-3 (Groundball, 4)
Batting: LHB Ken Stroud 0-0: Called Strike
0-1: Swinging Strike
0-2: Ball
1-2: Ball
2-2: Strikes out swinging
Top of the 1st over - 0 run(s), 0 hit(s), 0 error(s), 0 left on base; Belleville 0 - Highwood 0
BOTTOM OF THE 1ST
Highwood Hawks batting - Pitching for Belleville Bulls : RHP Jesús Garces
Pitching: RHP Jesús Garces
Batting: RHB Luis Díaz 0-0: Called Strike
0-1: Ball
1-1: Ground out 6-3 (Groundball, 6)
Batting: RHB Owen Cannon 0-0: Foul Ball, location: 2F
0-1: Ball
1-1: Ball
2-1: Foul Ball, location: 2F
2-2: Foul Ball, location: 2F
2-2: Ball
3-2: Strikes out swinging
Batting: LHB Jeff Simpson 0-0: Called Strike
0-1: Ball
1-1: Ball
2-1: Ball
3-1: Ground out 4-3 (Groundball, 34)
Bottom of the 1st over - 0 run(s), 0 hit(s), 0 error(s), 0 left on base; Belleville 0 - Highwood 0
TOP OF THE 2ND
Belleville Bulls batting - Pitching for Highwood Hawks : LHP Yoshi Minamoto
Batting: RHB Mike Jennings 0-0: Ball
1-0: Ball
2-0: Called Strike
2-1: Fly out, F5 (Line Drive, 56)
Batting: LHB José Gómez 0-0: Foul Ball, location: 2F
0-1: Ball
1-1: Ball
2-1: Called Strike
2-2: Foul Ball, location: 2F
2-2: Fly out, F8 (Flyball, 8RM)
Batting: RHB Alejandro Serrato 0-0: Fly out, F9 (Flyball, 9S)
Top of the 2nd over - 0 run(s), 0 hit(s), 0 error(s), 0 left on base; Belleville 0 - Highwood 0
BOTTOM OF THE 2ND
Highwood Hawks batting - Pitching for Belleville Bulls : RHP Jesús Garces
Batting: RHB Lane McCool 0-0: Ball
1-0: Ball
2-0: Ball
3-0: Base on Balls
Batting: RHB Stephen McManus 0-0: Fly out, F4 (Line Drive, 34)
Batting: RHB Tabor de Maria 0-0: Called Strike
0-1: Fly out, F8 (Flyball, 8LD)
Batting: SHB Iikka Karpinen 0-0: Swinging Strike
0-1: Foul Ball, location: 2F
0-2: Fielders Choice at 2nd, 6-4 (Groundball, 6)
Bottom of the 2nd over - 0 run(s), 0 hit(s), 0 error(s), 0 left on base; Belleville 0 - Highwood 0
TOP OF THE 3RD
Belleville Bulls batting - Pitching for Highwood Hawks : LHP Yoshi Minamoto
Batting: RHB Lloyd Regis 0-0: Called Strike
0-1: Ball
1-1: SINGLE (Line Drive, 89S)
Batting: RHB Leonardo Sotelo 0-0: Foul Ball, location: 2F
0-1: Ball
1-1: Ball
2-1: Ball
3-1: Grounds into double play, 4-6-3 (Groundball, 4)
Batting: LHB Alan Shaw 0-0: Swinging Strike
0-1: Ball
1-1: Foul Ball, location: 2F
1-2: Ball
2-2: Foul Ball, location: 2F
2-2: Ball
3-2: Strikes out swinging
Top of the 3rd over - 0 run(s), 1 hit(s), 0 error(s), 0 left on base; Belleville 0 - Highwood 0
BOTTOM OF THE 3RD
Highwood Hawks batting - Pitching for Belleville Bulls : RHP Jesús Garces
Batting: RHB Johnny Henshaw-Jacobs 0-0: Ball
1-0: Foul Ball, location: 2F
1-1: Ball
2-1: Swinging Strike
2-2: Foul Ball, location: 2F
2-2: Strikes out swinging
Batting: LHB Carlos Medellín 0-0: Ball
1-0: Swinging Strike
1-1: Called Strike
1-2: Foul Ball, location: 2F
1-2: Ball
2-2: Fly out, F3 (Popup, 3S)
Batting: RHB Luis Díaz 0-0: Ball
1-0: SINGLE (Groundball, 56D)
Batting: RHB Owen Cannon 0-0: Ball
1-0: Ball
2-0: Called Strike
2-1: Called Strike
2-2: Strikes out swinging
Bottom of the 3rd over - 0 run(s), 1 hit(s), 0 error(s), 1 left on base; Belleville 0 - Highwood 0
TOP OF THE 4TH
Belleville Bulls batting - Pitching for Highwood Hawks : LHP Yoshi Minamoto
Batting: RHB Vicente Mena 0-0: SINGLE (Line Drive, 34)
Batting: RHB Ron Bernard 0-0: Called Strike
0-1: Ball
1-1: Fly out, F9 (Flyball, 9S)
Batting: LHB Ken Stroud 0-0: Ball
1-0: Ball
2-0: Ball
3-0: Base on Balls
Vicente Mena to second
Batting: RHB Mike Jennings 0-0: Called Strike
Vicente Mena steals 3rd base
Ken Stroud to second
0-1: Ball
1-1: Ball
2-1: Called Strike
2-2: Ground out 4-3 (Groundball, 4)
Vicente Mena scores
Ken Stroud to third
Batting: LHB José Gómez 0-0: SINGLE (Line Drive, 8RS)
Ken Stroud scores
Batting: RHB Alejandro Serrato 0-0: TRIPLE (Line Drive, 9LS)
José Gómez scores
Batting: RHB Lloyd Regis 0-0: Called Strike
0-1: Ball
1-1: Ground out 5-3 (Groundball, 56)
Top of the 4th over - 3 run(s), 3 hit(s), 0 error(s), 1 left on base; Belleville 3 - Highwood 0
BOTTOM OF THE 4TH
Highwood Hawks batting - Pitching for Belleville Bulls : RHP Jesús Garces
Batting: LHB Jeff Simpson 0-0: Ground out 4-3 (Groundball, 34)
Batting: RHB Lane McCool 0-0: Ball
1-0: Ball
2-0: Ball
3-0: Foul Ball, location: 2F
3-1: Base on Balls
Batting: RHB Stephen McManus 0-0: Ball
1-0: SINGLE (Groundball, 34D)
Lane McCool to second
Runner from 2nd tries for 3rd, SAFE, throw made to third
Stephen McManus to second
Batting: RHB Tabor de Maria 0-0: Ball
1-0: Ball
2-0: Ball
3-0: Called Strike
3-1: Foul Ball, location: 2F
3-2: Ground out 1-3 (Groundball, 15S)
Batting: SHB Iikka Karpinen 0-0: Called Strike
0-1: Ball
1-1: Foul Ball, location: 2F
1-2: Strikes out swinging
Bottom of the 4th over - 0 run(s), 1 hit(s), 0 error(s), 2 left on base; Belleville 3 - Highwood 0
TOP OF THE 5TH
Belleville Bulls batting - Pitching for Highwood Hawks : LHP Yoshi Minamoto
Batting: RHB Leonardo Sotelo 0-0: Called Strike
0-1: Called Strike
0-2: Foul Ball, location: 2F
0-2: Ball
1-2: Ball
2-2: Strikes out looking
Batting: LHB Alan Shaw 0-0: Ball
1-0: Ground out 4-3 (Groundball, 34)
Batting: RHB Vicente Mena 0-0: Ball
1-0: Fly out, F7 (Line Drive, 7LD)
Top of the 5th over - 0 run(s), 0 hit(s), 0 error(s), 0 left on base; Belleville 3 - Highwood 0
BOTTOM OF THE 5TH
Highwood Hawks batting - Pitching for Belleville Bulls : RHP Jesús Garces
Batting: RHB Johnny Henshaw-Jacobs 0-0: Called Strike
0-1: Foul Ball, location: 2F
0-2: Strikes out swinging
Batting: LHB Carlos Medellín 0-0: Fly out, F9 (Flyball, 89M)
Batting: RHB Luis Díaz 0-0: Called Strike
0-1: Ball
1-1: Ball
2-1: Ball
3-1: Foul Ball, location: 2F
3-2: Foul Ball, location: 2F
3-2: Ground out 5-3 (Groundball, 5)
Bottom of the 5th over - 0 run(s), 0 hit(s), 0 error(s), 0 left on base; Belleville 3 - Highwood 0
TOP OF THE 6TH
Belleville Bulls batting - Pitching for Highwood Hawks : LHP Yoshi Minamoto
Batting: RHB Ron Bernard 0-0: Called Strike
0-1: Ball
1-1: Ball
2-1: Ground out 5-3 (Groundball, 56)
Batting: LHB Ken Stroud 0-0: Fly out, F4 (Popup, 4MS)
Batting: RHB Mike Jennings 0-0: SINGLE (Line Drive, 5S)
Batting: LHB José Gómez 0-0: Ball
1-0: Called Strike
1-1: Fly out, F6 (Flyball, 6D)
Top of the 6th over - 0 run(s), 1 hit(s), 0 error(s), 1 left on base; Belleville 3 - Highwood 0
BOTTOM OF THE 6TH
Highwood Hawks batting - Pitching for Belleville Bulls : RHP Jesús Garces
Batting: RHB Owen Cannon 0-0: Ball
1-0: Ball
2-0: Ball
3-0: Called Strike
3-1: Foul Ball, location: 2F
3-2: Fly out, F8 (Line Drive, 8RM)
Batting: LHB Jeff Simpson 0-0: Ball
1-0: Swinging Strike
1-1: Called Strike
1-2: Ball
2-2: Ball
3-2: Strikes out looking
Batting: RHB Lane McCool 0-0: Ball
1-0: Called Strike
1-1: Fly out, F7 (Flyball, 78XD)
Bottom of the 6th over - 0 run(s), 0 hit(s), 0 error(s), 0 left on base; Belleville 3 - Highwood 0
TOP OF THE 7TH
Belleville Bulls batting - Pitching for Highwood Hawks : LHP Yoshi Minamoto
Batting: RHB Alejandro Serrato 0-0: Called Strike
0-1: Ball
1-1: DOUBLE (Line Drive, 7LM)
Batting: RHB Lloyd Regis 0-0: Called Strike
0-1: Ball
1-1: Swinging Strike
1-2: Ball
2-2: SINGLE (Groundball, 34D)
Alejandro Serrato to third
Batting: RHB Leonardo Sotelo 0-0: Swinging Strike
0-1: Ball
1-1: Called Strike
1-2: Ball
2-2: Foul Ball, location: 2F
2-2: Grounds into double play, 1-4-3 (Groundball, 15)
Batting: LHB Alan Shaw 0-0: Called Strike
0-1: Ball
1-1: Foul Ball, location: 2F
1-2: Ball
2-2: Fly out, F8 (Flyball, 8LS)
Top of the 7th over - 0 run(s), 2 hit(s), 0 error(s), 1 left on base; Belleville 3 - Highwood 0
BOTTOM OF THE 7TH
Highwood Hawks batting - Pitching for Belleville Bulls : RHP Jesús Garces
Batting: RHB Stephen McManus 0-0: Foul Ball, location: 2F
0-1: Swinging Strike
0-2: Foul Ball, location: 2F
0-2: Strikes out swinging
Batting: RHB Tabor de Maria 0-0: Foul Ball, location: 2F
0-1: Called Strike
0-2: Ground out 6-3 (Groundball, 6D)
Batting: SHB Iikka Karpinen 0-0: Ball
1-0: Swinging Strike
1-1: Foul Ball, location: 2F
1-2: Strikes out swinging
Bottom of the 7th over - 0 run(s), 0 hit(s), 0 error(s), 0 left on base; Belleville 3 - Highwood 0
TOP OF THE 8TH
Belleville Bulls batting - Pitching for Highwood Hawks : LHP Yoshi Minamoto
Batting: RHB Vicente Mena 0-0: Ball
1-0: Swinging Strike
1-1: Foul Ball, location: 2F
1-2: Strikes out looking
Batting: RHB Ron Bernard 0-0: Called Strike
0-1: Fly out, F3 (Popup, 3D)
Batting: LHB Ken Stroud 0-0: Called Strike
0-1: DOUBLE (Line Drive, 8LM)
Batting: RHB Mike Jennings 0-0: Called Strike
0-1: Ball
1-1: Ball
2-1: Foul Ball, location: 2F
2-2: Strikes out swinging
Top of the 8th over - 0 run(s), 1 hit(s), 0 error(s), 1 left on base; Belleville 3 - Highwood 0
BOTTOM OF THE 8TH
Highwood Hawks batting - Pitching for Belleville Bulls : RHP Jesús Garces
Batting: RHB Johnny Henshaw-Jacobs 0-0: Ball
1-0: Ball
2-0: Ball
3-0: Base on Balls
Batting: LHB Carlos Medellín 0-0: Ball
1-0: Fly out, F2 (Popup, 15S)
Batting: RHB Luis Díaz 0-0: Ball
Wild Pitch!
Johnny Henshaw-Jacobs to second
1-0: Swinging Strike
1-1: Foul Ball, location: 2F
1-2: Foul Ball, location: 2F
1-2: Ball
2-2: Ball
3-2: Strikes out swinging
Batting: RHB Owen Cannon 0-0: Ball
1-0: Ball
2-0: Ball
3-0: Base on Balls
Batting: LHB Jeff Simpson 0-0: Fly out, F4 (Popup, 3D)
Bottom of the 8th over - 0 run(s), 0 hit(s), 0 error(s), 2 left on base; Belleville 3 - Highwood 0
TOP OF THE 9TH
Belleville Bulls batting - Pitching for Highwood Hawks : LHP Yoshi Minamoto
Pitching: RHP José Barquero
Batting: LHB José Gómez 0-0: Ball
1-0: Called Strike
1-1: Ball
2-1: Foul Ball, location: 2F
2-2: Strikes out looking
Batting: RHB Alejandro Serrato 0-0: Called Strike
0-1: Called Strike
0-2: Foul Ball, location: 2F
0-2: Strikes out looking
Batting: RHB Lloyd Regis 0-0: Ball
1-0: Called Strike
1-1: Ball
2-1: SINGLE (Groundball, 6MD)
Batting: RHB Leonardo Sotelo 0-0: Ball
1-0: Ball
2-0: Ball
3-0: Called Strike
3-1: Fielders Choice at 2nd, 4-6 (Groundball, 4)
Top of the 9th over - 0 run(s), 1 hit(s), 0 error(s), 0 left on base; Belleville 3 - Highwood 0
BOTTOM OF THE 9TH
Highwood Hawks batting - Pitching for Belleville Bulls : RHP Jesús Garces
Pitching: RHP Shackleford Stanwick
Batting: RHB Lane McCool 0-0: Ball
1-0: Called Strike
1-1: Foul Ball, location: 2F
1-2: Ball
2-2: Strikes out swinging
Batting: RHB Stephen McManus 0-0: Ball
1-0: Foul Ball, location: 2F
1-1: Called Strike
1-2: Ball
2-2: Ball
3-2: Foul Ball, location: 2F
3-2: Foul Ball, location: 2F
3-2: Base on Balls
Batting: RHB Tabor de Maria 0-0: Ball
1-0: Fly out, F6 (Popup, 6D)
Batting: SHB Iikka Karpinen 0-0: Ball
1-0: Ball
2-0: Ball
3-0: Base on Balls
Stephen McManus to second
Batting: RHB Johnny Henshaw-Jacobs 0-0: Called Strike
0-1: Foul Ball, location: 2F
0-2: Foul Ball, location: 2F
0-2: Foul Ball, location: 2F
0-2: Foul Ball, location: 2F
0-2: Foul Ball, location: 2F
0-2: Ball
1-2: Fielders Choice at 2nd, 6-4 (Groundball, 6)
Bottom of the 9th over - 0 run(s), 0 hit(s), 0 error(s), 1 left on base; Belleville 3 - Highwood 0
Saturday, May 26th, 2018 - OOTP Baseball 17.12 Build 75